General information
			
			
        
        - name: BNet
 
        - type: Ladder team game (AT/RT)
 
        - host: Battle.net
 
        - saver: HERNaNDO
 
        
map: Goldshire 
        - players: 4
 
        - length: 49:28
 
        - speed: Fast
 - version: 1.21 W3XP
 - replay type:  Public
 
» download(182 KB)
Players
        team 1 (loser) 
              
              
venom.crazyer (
orange | 52 APM | 1357 actions | 26:07)
              
 4 Blademaster 
 2 Wind Walk
 2 Critical Strike
 
                » actions 
                
                | Basic commands | 5 |  | 
| Build / train | 65 |  | 
| Enter build submenu | 22 |  | 
| Enter hero's abilities submenu | 4 |  | 
| Give item / drop item | 2 |  | 
| Remove unit from queue | 3 |  | 
| Right click | 772 |  | 
| Select / deselect | 368 |  | 
| Use ability | 116 |  | 
                1357 total
 » units 
                
                | Peon | 25 |  | 
| Grunt | 7 |  | 
| Demolisher | 1 |  | 
| Troll Batrider | 8 |  | 
| Raider | 3 |  | 
| Troll Witch Doctor | 4 |  | 
                48 total
 » upgrades
                
                | Witch Doctor Training | 1 |  | 
| Ensnare | 1 |  | 
                2 total
 » buildings
                
                | Altar of Storms | 1 |  | 
| Orc Burrow | 6 |  | 
| Voodoo Lounge | 1 |  | 
| Barracks | 1 |  | 
| Stronghold | 2 |  | 
| War Mill | 4 |  | 
| Beastiary | 2 |  | 
| Spirit Lodge | 1 |  | 
| Watch Tower | 5 |  | 
| Fortress | 1 |  | 
                24 total
 » build order
                00:09 Altar of Storms
00:15 Orc Burrow
00:35 Voodoo Lounge
01:37 Orc Burrow
01:46 Barracks
02:32 Orc Burrow
03:26 Orc Burrow
07:53 Stronghold
07:53 Stronghold
08:29 War Mill
09:32 War Mill
11:34 Beastiary
11:36 Spirit Lodge
12:20 Beastiary
13:21 Orc Burrow
13:42 Watch Tower
13:49 Orc Burrow
20:17 War Mill
20:22 War Mill
22:35 Watch Tower
22:35 Watch Tower
22:36 Watch Tower
22:37 Watch Tower
23:05 Fortress
» items
                
                | Healing Salve | 2 |  | 
| Lesser Clarity Potion | 2 |  | 
| Scroll of Speed | 1 |  | 
                5 total
  
               
              
              
Venom.Freak (
pink | 34 APM | 1680 actions | 49:24)
              
 5 Priestess of the Moon 
 3 Trueshot Aura
 2 Searing Arrows
 
                » actions 
                
                | Basic commands | 1 |  | 
| Build / train | 90 |  | 
| Enter build submenu | 24 |  | 
| Enter hero's abilities submenu | 6 |  | 
| Remove unit from queue | 19 |  | 
| Right click | 930 |  | 
| Select / deselect | 571 |  | 
| Use ability | 39 |  | 
                1680 total
 » units 
                
                | Wisp | 20 |  | 
| Huntress | 4 |  | 
| Dryad | 14 |  | 
| Raider | 10 |  | 
| Glaive Thrower | 4 |  | 
| Archer | 3 |  | 
                55 total
 » upgrades
                
                | Strength of the Wild | 3 |  | 
| Reinforced Hides | 3 |  | 
| Abolish Magic | 1 |  | 
| Shaman Training | 1 |  | 
                8 total
 » buildings
                
                | Moon Well | 10 |  | 
| Altar of Elders | 1 |  | 
| Hunter's Hall | 1 |  | 
| Ancient of War | 4 |  | 
| Tree of Ages | 1 |  | 
| Ancient Protector | 1 |  | 
| Ancient of Lore | 2 |  | 
| Tree of Life | 2 |  | 
| Ancient of Wonders | 2 |  | 
| Tree of Eternity | 1 |  | 
                25 total
 » build order
                00:31 Moon Well
00:32 Altar of Elders
01:30 Hunter's Hall
02:26 Ancient of War
02:30 Ancient of War
03:13 Ancient of War
03:15 Ancient of War
03:22 Moon Well
03:45 Moon Well
04:57 Moon Well
06:09 Tree of Ages
06:12 Moon Well
07:11 Ancient Protector
07:59 Moon Well
09:27 Ancient of Lore
09:29 Ancient of Lore
11:10 Moon Well
11:11 Moon Well
13:17 Moon Well
14:24 Tree of Life
15:58 Moon Well
17:09 Ancient of Wonders
17:16 Ancient of Wonders
22:41 Tree of Eternity
39:20 Tree of Life
» items
                
                | Potion of Healing | 1 |  | 
| Scroll of Town Portal | 1 |  | 
                2 total
  
               team 2 (winner) 
              
              
DirtMcGirt (
yellow | 42 APM | 2074 actions | 49:25)
              
 7 Blood Mage 
 3 Flame Strike
 3 Banish
 1 Summon Phoenix
 
                » actions 
                
                | Assign group hotkey | 10 |  | 
| Basic commands | 1 |  | 
| Build / train | 97 |  | 
| Enter build submenu | 37 |  | 
| Enter hero's abilities submenu | 7 |  | 
| Give item / drop item | 5 |  | 
| Right click | 967 |  | 
| Select / deselect | 575 |  | 
| Select group hotkey | 237 |  | 
| Use ability | 138 |  | 
                2074 total
 » units 
                
                | Peasant | 16 |  | 
| Gryphon Rider | 1 |  | 
| Dragonhawk Rider | 18 |  | 
| Goblin Zeppelin | 1 |  | 
                36 total
 » upgrades
                
                | Masonry | 2 |  | 
| Lumber Harvesting | 2 |  | 
| Magic Sentry | 1 |  | 
| Armor | 3 |  | 
| Animal War Training | 1 |  | 
| Swords | 1 |  | 
| Cloud | 1 |  | 
                11 total
 » buildings
                
                | Altar of Kings | 1 |  | 
| Lumber Mill | 1 |  | 
| Farm | 6 |  | 
| Scout Tower | 44 |  | 
| Guard Tower | 25 |  | 
| Arcane Tower | 1 |  | 
| Arcane Vault | 1 |  | 
| Keep | 1 |  | 
| Castle | 1 |  | 
| Arcane Sanctum | 1 |  | 
| Gryphon Aviary | 2 |  | 
| Barracks | 2 |  | 
| Town Hall | 2 |  | 
| Blacksmith | 1 |  | 
                89 total
 » build order
                00:10 Altar of Kings
00:15 Lumber Mill
00:19 Farm
00:52 Farm
01:20 Scout Tower
01:45 Scout Tower
01:58 Guard Tower
02:10 Scout Tower
02:31 Guard Tower
02:34 Scout Tower
03:00 Guard Tower
03:04 Guard Tower
03:27 Scout Tower
03:28 Scout Tower
03:33 Scout Tower
03:33 Scout Tower
03:35 Scout Tower
03:58 Guard Tower
03:59 Arcane Tower
04:20 Arcane Vault
04:51 Keep
04:53 Guard Tower
05:06 Guard Tower
05:12 Scout Tower
05:27 Scout Tower
05:40 Scout Tower
05:47 Guard Tower
06:00 Guard Tower
06:47 Guard Tower
06:50 Scout Tower
06:51 Scout Tower
06:52 Scout Tower
06:52 Scout Tower
07:01 Scout Tower
07:02 Scout Tower
07:03 Scout Tower
07:04 Scout Tower
07:43 Castle
07:56 Guard Tower
08:17 Guard Tower
08:18 Guard Tower
08:22 Farm
08:28 Farm
08:42 Guard Tower
08:45 Arcane Sanctum
08:48 Guard Tower
08:54 Guard Tower
10:05 Gryphon Aviary
11:27 Gryphon Aviary
11:39 Farm
12:44 Farm
13:15 Barracks
14:26 Town Hall
14:45 Barracks
16:09 Blacksmith
20:31 Scout Tower
20:32 Scout Tower
20:33 Scout Tower
20:34 Scout Tower
22:26 Guard Tower
22:32 Scout Tower
22:33 Scout Tower
22:36 Scout Tower
22:38 Scout Tower
23:35 Guard Tower
23:36 Guard Tower
23:43 Scout Tower
23:44 Scout Tower
23:45 Scout Tower
24:27 Guard Tower
25:10 Guard Tower
25:16 Town Hall
29:10 Scout Tower
29:12 Scout Tower
29:12 Scout Tower
30:56 Guard Tower
30:59 Scout Tower
31:01 Scout Tower
31:02 Scout Tower
31:05 Scout Tower
31:06 Scout Tower
31:08 Scout Tower
31:12 Scout Tower
31:13 Scout Tower
31:14 Scout Tower
31:14 Scout Tower
33:29 Guard Tower
36:42 Guard Tower
» items
                
                | Scroll of Regeneration | 2 |  | 
| Lesser Clarity Potion | 2 |  | 
| Potion of Healing | 1 |  | 
| Boots of Speed | 1 |  | 
| Staff of Teleportation | 1 |  | 
| Scroll of Town Portal | 2 |  | 
| Potion of Invisibility | 1 |  | 
| Staff of Sanctuary | 1 |  | 
| Potion of Mana | 2 |  | 
                13 total
  
               
              
              
HERNaNDO (
purple | 61 APM | 3029 actions | 49:28)
              
 5 Archmage 
 3 Blizzard
 2 Brilliance Aura
 5 Paladin 
 3 Holy Light
 2 Divine Shield
 1 Blood Mage 
 1 Siphon Mana
 
                » actions 
                
                | Assign group hotkey | 34 |  | 
| Basic commands | 80 |  | 
| Build / train | 103 |  | 
| Enter build submenu | 56 |  | 
| Enter hero's abilities submenu | 12 |  | 
| Give item / drop item | 1 |  | 
| Right click | 1173 |  | 
| Select / deselect | 623 |  | 
| Select group hotkey | 649 |  | 
| Use ability | 298 |  | 
                3029 total
 » units 
                
                | Peasant | 14 |  | 
| Sorceress | 4 |  | 
| Mortar Team | 9 |  | 
| Priest | 7 |  | 
| Flying Machine | 2 |  | 
                36 total
 » upgrades
                
                | Lumber Harvesting | 2 |  | 
| Masonry | 3 |  | 
| Magic Sentry | 1 |  | 
| Sorceress Training | 1 |  | 
| Gunpowder | 3 |  | 
| Flare | 1 |  | 
| Priest Training | 1 |  | 
| Armor | 2 |  | 
| Fragmentation Shards | 1 |  | 
                15 total
 » buildings
                
                | Altar of Kings | 1 |  | 
| Lumber Mill | 4 |  | 
| Farm | 8 |  | 
| Scout Tower | 73 |  | 
| Guard Tower | 24 |  | 
| Arcane Tower | 1 |  | 
| Keep | 1 |  | 
| Blacksmith | 1 |  | 
| Arcane Sanctum | 1 |  | 
| Workshop | 2 |  | 
| Arcane Vault | 2 |  | 
| Castle | 1 |  | 
| Town Hall | 1 |  | 
                120 total
 » build order
                00:14 Altar of Kings
00:20 Lumber Mill
00:31 Farm
00:31 Farm
00:59 Scout Tower
01:15 Scout Tower
01:23 Scout Tower
01:27 Scout Tower
01:46 Guard Tower
01:50 Scout Tower
01:59 Farm
02:15 Guard Tower
02:30 Guard Tower
02:54 Arcane Tower
03:22 Scout Tower
03:23 Scout Tower
03:25 Scout Tower
03:25 Scout Tower
03:26 Guard Tower
03:34 Scout Tower
04:13 Guard Tower
04:15 Scout Tower
04:17 Scout Tower
04:19 Scout Tower
04:20 Guard Tower
04:33 Lumber Mill
04:35 Guard Tower
04:43 Guard Tower
04:55 Keep
04:57 Guard Tower
05:11 Guard Tower
05:40 Scout Tower
05:41 Scout Tower
05:48 Blacksmith
06:04 Scout Tower
06:07 Scout Tower
06:08 Scout Tower
06:10 Scout Tower
06:11 Scout Tower
06:12 Scout Tower
06:13 Scout Tower
06:16 Scout Tower
06:18 Scout Tower
06:21 Guard Tower
06:49 Guard Tower
06:55 Farm
07:07 Scout Tower
07:11 Guard Tower
07:12 Guard Tower
07:43 Arcane Sanctum
07:51 Workshop
08:03 Guard Tower
09:12 Scout Tower
09:13 Scout Tower
09:16 Scout Tower
09:26 Farm
09:29 Farm
09:31 Workshop
09:45 Arcane Vault
09:50 Farm
09:51 Farm
10:09 Guard Tower
10:12 Scout Tower
15:32 Castle
19:49 Town Hall
19:56 Scout Tower
19:57 Scout Tower
19:58 Scout Tower
19:59 Scout Tower
20:01 Scout Tower
20:02 Scout Tower
20:03 Scout Tower
20:04 Scout Tower
20:05 Scout Tower
20:05 Scout Tower
20:06 Scout Tower
20:08 Scout Tower
20:09 Scout Tower
20:25 Scout Tower
20:26 Scout Tower
20:45 Scout Tower
20:47 Scout Tower
20:48 Scout Tower
20:49 Scout Tower
20:51 Scout Tower
20:52 Scout Tower
20:55 Scout Tower
21:00 Scout Tower
21:02 Scout Tower
21:26 Scout Tower
21:27 Scout Tower
21:28 Scout Tower
21:35 Scout Tower
21:36 Scout Tower
21:38 Guard Tower
21:41 Guard Tower
21:43 Guard Tower
22:06 Scout Tower
22:07 Scout Tower
22:36 Guard Tower
23:36 Guard Tower
24:52 Arcane Vault
25:25 Scout Tower
25:27 Scout Tower
25:28 Scout Tower
25:29 Scout Tower
25:32 Scout Tower
25:33 Scout Tower
26:46 Guard Tower
26:49 Scout Tower
26:50 Scout Tower
26:51 Scout Tower
26:52 Scout Tower
26:59 Lumber Mill
28:21 Guard Tower
30:14 Guard Tower
30:17 Scout Tower
30:18 Scout Tower
30:20 Scout Tower
34:26 Lumber Mill
» items
                
                | Staff of Teleportation | 2 |  | 
| Dust of Appearance | 1 |  | 
| Scroll of Town Portal | 6 |  | 
| Staff of Sanctuary | 2 |  | 
| Boots of Speed | 1 |  | 
                12 total
  
                Chat log
          (00:04 / All) DirtMcGirt: damn
(00:05 / All) DirtMcGirt: IM FREAKIN OUT TOO
(00:46 / All) venom.crazyer: stupid noob withy footmen rush lol
(00:52 / All) HERNaNDO: ?
(00:54 / All) HERNaNDO: MANNERS
(01:01 / All) venom.crazyer: stfu
(01:10 / All) DirtMcGirt: yea u better get some towers
(01:26 / All) DirtMcGirt: cause were comin with a milly footies
(01:31 / All) HERNaNDO: WILL U BE READY
(01:33 / All) venom.crazyer: how the hell you know i wasnt gonna do that your freakngi stupid or waht
(01:45 / All) HERNaNDO: YOUR A DUMBASS CANT STOP IT
(01:55 / All) DirtMcGirt: its called the dumbass proof strat
(04:45 / All) DirtMcGirt: DEAD
(05:01 / All) DirtMcGirt: Lucky cunt
(05:11 / All) venom.crazyer: lol
(05:51 / Allies) DirtMcGirt: nando
(07:20 / All) DirtMcGirt: LOL
(07:27 / All) DirtMcGirt: Can u say scrub?
(07:36 / All) venom.crazyer: lol
(08:11 / All) DirtMcGirt: Stop laggin oj
(08:16 / All) venom.crazyer: fuck you
(08:24 / All) HERNaNDO: crazyer
(11:17 / All) DirtMcGirt: LOL
(15:36 / Allies) DirtMcGirt: we gotta take more expos
(15:40 / Allies) DirtMcGirt: lab
(15:41 / Allies) HERNaNDO: RGR
(15:55 / Allies) HERNaNDO: COMIN  2 creeo
(15:56 / Allies) HERNaNDO: p
(16:01 / Allies) HERNaNDO: o shit
(17:19 / All) HERNaNDO: u togglin hax
(17:49 / All) DirtMcGirt: jesus dude
(18:01 / Allies) HERNaNDO: bats
(18:01 / Allies) HERNaNDO: fuk
(18:08 / Allies) DirtMcGirt: its cool
(18:51 / Allies) HERNaNDO: nice
(19:52 / Allies) HERNaNDO: they lost so much shit
(19:58 / Allies) DirtMcGirt: ya
(20:09 / Allies) DirtMcGirt: tower out here
(20:11 / Allies) DirtMcGirt: and push out
(20:13 / Allies) HERNaNDO: rgr
(20:14 / Allies) DirtMcGirt: we gonna take this lower expo
(20:37 / Allies) DirtMcGirt: morts rape yads too
(22:04 / Allies) DirtMcGirt: lol they switched to raiders
(22:07 / Allies) DirtMcGirt: yo i gotta eat soon
(22:09 / Allies) HERNaNDO: lol
(22:12 / Allies) HERNaNDO: how soon m8
(22:13 / Allies) DirtMcGirt: but i wont quit or anythin
(22:14 / Allies) HERNaNDO: kk
(22:32 / Allies) HERNaNDO: those raiders gon fuck up human towers
(22:42 / Allies) DirtMcGirt: nah not really
(22:45 / Allies) HERNaNDO: im jk
(22:47 / Allies) HERNaNDO: they sux
(23:25 / Allies) DirtMcGirt: yo
(23:25 / Allies) HERNaNDO: u wanna take?
(23:27 / Allies) DirtMcGirt: i got an item for u
(23:38 / Allies) DirtMcGirt: sure
(23:55 / Allies) HERNaNDO: heheh
(24:10 / Allies) HERNaNDO: oh sik
(24:14 / Allies) HERNaNDO: cloak
(24:16 / Allies) HERNaNDO: 8-)
(24:18 / Allies) HERNaNDO: thx
(24:22 / Allies) DirtMcGirt: np mate
(24:33 / Allies) DirtMcGirt: mines are almost out nice
(24:36 / Allies) HERNaNDO: ya
(25:07 / Allies) DirtMcGirt: yo we gotta upload dis replay
(25:08 / Allies) DirtMcGirt: its sick
(25:11 / Allies) HERNaNDO: ya lol
(25:18 / Allies) HERNaNDO: so ez
(25:26 / Allies) DirtMcGirt: yo can u tower down here more
(25:28 / Allies) DirtMcGirt: by my expo
(25:30 / Allies) DirtMcGirt: ty bro
(25:30 / Allies) HERNaNDO: sure
(26:07 / All) DirtMcGirt: GG
(26:30 / Allies) DirtMcGirt: dhawks lost
(26:32 / Allies) DirtMcGirt: 0
(26:38 / Allies) HERNaNDO: i lost 2 mort and a sorc
(26:53 / Allies) DirtMcGirt: yo lets finsih this
(27:03 / Allies) HERNaNDO: alright
(27:26 / Allies) HERNaNDO: lol
(27:47 / Allies) HERNaNDO: o fuck i got no tp
(27:54 / Allies) HERNaNDO: sec
(28:33 / Allies) HERNaNDO: damn
(28:36 / Allies) HERNaNDO: achin to mort these hos
(28:49 / Allies) HERNaNDO: ill ivnis it
(29:15 / All) DirtMcGirt: Say uncle
(30:27 / All) DirtMcGirt: gg noob
(30:42 / All) HERNaNDO: looks like uc ant stop that footman push
(30:47 / All) DirtMcGirt: UGH I LOST A DHAWK
(31:16 / All) DirtMcGirt: Say uncle
(31:32 / All) Venom.Freak: dickl
(31:35 / All) DirtMcGirt: Dickl
(31:37 / All) HERNaNDO: DICKL3
(31:38 / All) DirtMcGirt: peace noob
(32:25 / Allies) HERNaNDO: NOTHIN BUT NET
(33:36 / All) DirtMcGirt: Pls leave
(33:39 / All) DirtMcGirt: on this
(33:42 / All) DirtMcGirt: my dads birthday
(33:50 / All) Venom.Freak: plz suck me
(33:53 / All) DirtMcGirt: sucks u
(34:50 / Allies) DirtMcGirt: lets attack the ne
(34:52 / Allies) HERNaNDO: RGR
(35:36 / All) DirtMcGirt: gg
(36:37 / All) DirtMcGirt: aight ima eat dinner
(46:58 / All) HERNaNDO: whata shame
(47:03 / All) HERNaNDO: WHOA
(47:06 / All) HERNaNDO: 1 SECL EFT
(48:51 / All) DirtMcGirt: GG
(48:54 / All) DirtMcGirt: dinner was good
(48:57 / All) HERNaNDO: YUMMMM
(49:02 / All) DirtMcGirt: quit now or forever hold ur peace
(49:09 / All) DirtMcGirt: i got some corn stuck in muy teeeth
(49:20 / Allies) DirtMcGirt: phoenix is so awesome
(49:24 / Allies) HERNaNDO: aaaa